 Dungeon Crawl Stone Soup version 0.25.0-8-gfd19cd77bd (webtiles) character file.

Game seed: 1172333043056755279

1885 Infinimo the Cleaver (level 8, 0/109 HPs)
             Began as a Minotaur Berserker on June 16, 2020.
             Was a High Priest of Trog.
             Killed from afar by an electric eel (7 damage)
             ... with a bolt of electricity
             ... on level 5 of the Dungeon.
             The game lasted 00:12:07 (5510 turns).

Infinimo the Cleaver (Minotaur Berserker)           Turns: 5510, Time: 00:12:07

Health: 0/109      AC:  7    Str: 24    XL:     8   Next: 92%
Magic:  7/7        EV: 14    Int:  6    God:    Trog [*****.]
Gold:   375        SH:  0    Dex: 10    Spells: 7/7 levels left

rFire    + . .     SeeInvis .   a - +1 hand axe
rCold    . . .     Gourm    .   (no shield)
rNeg     . . .     Faith    .   i - +2 leather armour {rF+}
rPois    .         Spirit   .   (helmet restricted)
rElec    .         Reflect  .   (no cloak)
rCorr    .         Harm     .   (no gloves)
MR       .....                  g - +1 pair of boots
Stlth    ..........             (no amulet)
HPRegen  0.28/turn              j - -4 ring of strength (curse)
MPRegen  0.10/turn              n - +6 ring of strength

@: berserking, very quick
A: retaliatory headbutt, horns 2
a: Berserk, Trog's Hand, Brothers in Arms, Renounce Religion


You were on level 5 of the Dungeon.
You worshipped Trog.
Trog was extremely pleased with you.
You were very hungry.

You visited 1 branch of the dungeon, and saw 5 of its levels.

You collected 375 gold pieces.

Inventory:

Hand Weapons
 a - a +1 hand axe (weapon)
Armour
 g - a +1 pair of boots (worn)
 i - a +2 leather armour of fire resistance (worn)
Jewellery
 j - a cursed -4 ring of strength (left hand)
 n - a +6 ring of strength (right hand)
Scrolls
 b - 2 scrolls of enchant weapon
 m - 5 scrolls of identify
 o - 2 scrolls of teleportation
 r - a scroll of immolation {unknown}
Potions
 d - 2 potions of stabbing {unknown}
 e - 2 potions of degeneration {unknown}
 f - 3 potions of flight
 k - a potion of cancellation {unknown}
 l - a potion of heal wounds {unknown}
 p - a potion of brilliance {unknown}
 q - a potion of haste {unknown}
 s - a potion of curing {unknown}
 t - a potion of ambrosia {unknown}
 u - a potion of magic {unknown}
Comestibles
 c - 6 rations
 h - a chunk of flesh


   Skills:
 + Level 7.2 Fighting
 * Level 10.2 Axes
 + Level 5.1 Armour
 + Level 5.5 Dodging
 - Level 1.8 Stealth


You had 7 spell levels left.
You didn't know any spells.
Your spell library was empty.

Dungeon Overview and Level Annotations

Branches:
Dungeon (5/15)             Temple (0/1) D:5

Altars:
Kikubaaqudgha
Makhleb
Nemelex Xobeh
Uskayaw
Wu Jian
Zin


Innate Abilities, Weirdness & Mutations

You reflexively headbutt those who attack you in melee.
You have a pair of horns on your head.


Message History

The electric eel shoots out a bolt of lightning at you!
The bolt of electricity hits you.
* * * LOW HITPOINT WARNING * * *
Unknown command.
You slash the electric eel! Your headbutt misses the electric eel.
The electric eel is almost dead.
You hit the plant.
The electric eel shoots out a bolt of lightning at you!
The bolt of electricity hits you!
* * * LOW HITPOINT WARNING * * *
Unknown command.
You closely miss the electric eel.
The electric eel is almost dead.
You slash the plant!
The electric eel shoots out a bolt of lightning at you!
The bolt of electricity hits you!
* * * LOW HITPOINT WARNING * * *
The electric eel shoots out a bolt of lightning at you!
The bolt of electricity hits you!
You die...

####### ##≈≈...###
##≈####.)≈##### #.##..'##≈≈≈..#
#.#.....#####..# #.#.....# #
#.#≈≈@PP# #≈#≈..;$#.....# ...
#≈#.$;.(#PP.PP####### .
......#≈#≈≈.;≈#≈.P..#.....## .
#.....#≈##≈≈≈##)≈.)$#......# #
##.##.##.######≈≈(;≈#....... #
#......##...)≈##;;≈##.......
######.......######≈#####...÷....
>.................##≈...'........


You could see 3 electric eels.

Vanquished Creatures
  A two-headed ogre (D:5)
  An orc warrior (D:4)
  A centaur (D:5)
  5 big kobolds (D:4)
  A bullfrog (D:5)
  A crimson imp (D:5)
  A centaur zombie (D:5)
  2 hounds
  2 orc wizards
  A centaur skeleton (D:4)
  An iguana (D:5)
  5 worker ants
  4 gnolls
  A howler monkey skeleton (D:5)
  10 adders
  A river rat (D:3)
  An ooze (D:4)
  3 worms
  A dart slug (D:1)
  6 leopard geckos
  8 orcs
  2 giant cockroaches
  12 goblins
  12 hobgoblins
  5 jackals
  53 kobolds
  A quokka (D:4)
  A ball python skeleton (D:4)
  7 bats
  3 frilled lizards
  11 rats
164 creatures vanquished.

Notes
Turn   | Place    | Note
-------+----------+-------------------------------------------
     0 | D:1      | Infinimo the Minotaur Berserker began the quest for the
                  | Orb.
     0 | D:1      | Reached XP level 1. HP: 19/19 MP: 0/0
   527 | D:1      | Reached XP level 2. HP: 27/27 MP: 1/1
   617 | D:1      | Reached skill level 4 in Axes
  1128 | D:1      | Reached XP level 3. HP: 33/33 MP: 2/2
  1460 | D:2      | Reached ** piety under Trog
  1642 | D:2      | Reached XP level 4. HP: 41/41 MP: 3/3
  1763 | D:2      | Reached skill level 5 in Axes
  2662 | D:3      | Reached XP level 5. HP: 47/47 MP: 4/4
  2837 | D:3      | Found an ornate altar of the Wu Jian Council.
  2841 | D:3      | Found an ancient bone altar of Kikubaaqudgha.
  2845 | D:3      | Found a glowing silver altar of Zin.
  2846 | D:3      | Found a hide-covered altar of Uskayaw.
  2846 | D:3      | Found a sparkling altar of Nemelex Xobeh.
  2848 | D:3      | Found a burning altar of Makhleb.
  3036 | D:3      | Reached *** piety under Trog
  3627 | D:4      | Reached skill level 6 in Axes
  3632 | D:4      | Reached skill level 5 in Fighting
  3649 | D:4      | Reached XP level 6. HP: 55/56 MP: 5/5
  3950 | D:4      | Reached skill level 1 in Stealth
  4265 | D:4      | Noticed an orc warrior
  4277 | D:4      | Killed an orc warrior
  4277 | D:4      | Reached **** piety under Trog
  4277 | D:4      | Reached XP level 7. HP: 61/61 MP: 6/6
  4281 | D:4      | Reached skill level 7 in Axes
  4559 | D:4      | Reached skill level 8 in Axes
  4894 | D:5      | Entered Level 5 of the Dungeon
  4951 | D:5      | Reached XP level 8. HP: 69/70 MP: 7/7
  4957 | D:5      | Found a staircase to the Ecumenical Temple.
  5118 | D:5      | Reached ***** piety under Trog
  5274 | D:5      | Reached skill level 9 in Axes
  5343 | D:5      | Noticed a two-headed ogre
  5352 | D:5      | Killed a two-headed ogre
  5352 | D:5      | Reached skill level 10 in Axes
  5352 | D:5      | Reached skill level 5 in Armour
  5352 | D:5      | Reached skill level 5 in Dodging
  5510 | D:5      | Killed from afar by an electric eel

Illustrated notes

Levels and vault maps discovered:
D:1:      kilobyte_arrival_exit_the_forest, layout_basic
D:2:      layout_loops_corners
D:3:      layout_rooms, minitemple, gup_sewer_entry_bubbles, serial_rivers,
          chequers_serial_rivers_large_a, chequers_serial_rivers_micro_d,
          chequers_serial_rivers_large_b, chequers_serial_rivers_room_b
D:4:      minmay_goblin_kobold_castle, layout_loops_ring
D:5:      cheibrodos_two_vegetables, layout_rooms, lemuel_round_altar,
          minmay_temple_entry_glassed_door, first_ration, due_unseen_surprise

Skill      XL: |  1  2  3  4  5  6  7  8 |
---------------+-------------------------+-----
Fighting       | 4 5 6 7 |  7.2
Axes           | 4 5 6 8 10 | 10.2
Armour         | 3 4 5 |  5.1
Dodging        | 3 4 5 |  5.5
Stealth        | 1 |  1.8

Action                   |  1- 3 |  4- 6 |  7- 9 || total
-------------------------+-------+-------+-------++-------
Melee: Hand axe          |    60 |   178 |   138 ||   376
       Headbutt          |     6 |    18 |    22 ||    46
Invok: Berserk           |     2 |     4 |     3 ||     9
  Use: Scroll            |     2 |     5 |       ||     7
 Stab: Sleeping          |       |       |     1 ||     1
  Eat: Chunk             |     3 |    11 |     5 ||    19
       Ration            |       |     1 |       ||     1
Armor: Animal skin       |     4 |       |       ||     4
       Leather armour    |    12 |    53 |    28 ||    93
Dodge: Dodged            |    44 |   118 |    80 ||   242
